Unix NetHack Version 5.0.0-0 post-release - last build May 23 2026 06:08:33 (1c0ff79ee797540d5714e4e18072db0edd9e58ae,branch:main).

Game began 2026-05-29 17:47:19, ended 2026-05-29 19:10:13.

Japes, lawful female human Valkyrie

                        ---
                      ---.--
                    ---....--        -------
                    |.......|       |0.....|
                    -.o.)%.--       |......--
                    .@h|.|)|  -------..  ...|  ----
                    ..-  |.|--|..%.%..-   ..| --..--
                         |.|.--.------   -..| |....|
                         -......|        |.-- |....--
                          .....-         |.|  --....|
                                         |.--  |....-
                                         -..---|-....
                                          ....--..<..
                                           .|.......
                                             --..
                                              --.

Japes the Skirmisher        St:18 Dx:12 Co:18 In:11 Wi:8 Ch:11  Lawful
Dlvl:5  $:26 HP:0(60) Pw:12(13) AC:6  Xp:5/234 T:1169 

Latest messages:
 You try to move the boulder, but in vain.
 You kill the gnome!
 l - 14 darts (42 in total).
 z - a black gem.
 r - 2 blue gems (4 in total).
 You hit the gnome lord!
 You kill the gnome lord!
 You see here a gnome lord corpse.
 You hit the Uruk-hai!
 The Uruk-hai thrusts her orcish short sword.
 The Uruk-hai hits!
 You miss the Uruk-hai.
 You kill the Uruk-hai!
 A dagger misses you.
 There are several objects here.
 The Uruk-hai wields an orcish short sword!
 You hit the Uruk-hai!
 The Uruk-hai thrusts her orcish short sword.
 The Uruk-hai hits!
 You miss the Uruk-hai.
 The poisoned orcish arrow hits the Uruk-hai.
 The poison doesn't seem to affect the Uruk-hai.
 The poisoned orcish arrow hits the Uruk-hai!
 The poison doesn't seem to affect the Uruk-hai.
 You kill the Uruk-hai!
 You feel your magical energy drain away!
 You are hit by a poisoned orcish arrow.
 You are almost hit by a poisoned orcish arrow.
 You hear a chugging sound.
 You kill the Uruk-hai!
 A cloud of gas puts you to sleep!
 A poisoned orcish arrow misses you.
 You are hit by a poisoned orcish arrow.
 The dwarf thrusts his orcish short sword.
 The dwarf hits!
 You are hit by a poisoned orcish arrow!
 A poisoned orcish arrow misses you.
 The dwarf thrusts his orcish short sword.
 The dwarf hits!
 The Uruk-hai thrusts his orcish short sword.
 The Uruk-hai hits!
 The dwarf thrusts his orcish short sword.
 The dwarf hits!
 The Uruk-hai thrusts his orcish short sword.
 The Uruk-hai hits!
 The dwarf thrusts his orcish short sword.
 The dwarf hits!
 You die...
 Do you want your possessions identified? [ynq] (y)
 Do you want to see your attributes? [ynq] (y)

Inventory:
 Coins    ('$')
  $ - 26 gold pieces
 Weapons  (')')
  k - 13 +0 arrows
  s - a +0 bow
  n - a cursed +0 bow
  l - 42 +0 darts
  p - 5 +1 daggers
  b - 7 +0 daggers (alternate weapons; not wielded)
  a - a +1 spear (weapon in left hand)
  j - a +0 aklys
  u - a +0 aklys
 Armor    ('[')
  c - an uncursed +3 small shield (being worn)
  g - an uncursed +0 dwarvish cloak
 Comestibles  ('%')
  v - an uncursed tripe ration
 Scrolls  ('?')
  w - an uncursed scroll of amnesia
  e - an uncursed scroll of blank paper
  m - an uncursed scroll of earth
  y - an uncursed scroll of light
 Potions  ('!')
  o - an uncursed potion of water
 Tools    ('(')
  i - a drum of earthquake (0:8)
  h - a can of grease (0:8)
  x - an uncursed leash
  t - a blessed tallow candle
 Gems/Stones  ('*')
  z - an uncursed worthless piece of black glass
  r - 4 uncursed worthless pieces of blue glass
  f - an uncursed worthless piece of green glass
  q - 2 uncursed worthless pieces of yellow glass

Japes the Valkyrie's attributes:

Background:
 You were a Skirmisher, a level 5 human Valkyrie.
 You were lawful, nominally on a mission for Tyr
 who was opposed by Odin (neutral) and Loki (chaotic).
 You were left-handed.
 You were in the Gnomish Mines, on level 5.
 You entered the dungeon 1169 turns ago.
 You had 234 experience points, 86 more were needed to attain level 6.

Basics:
 You had 0 out of 60 hit points.
 You had 12 out of 13 energy points (spell power).
 Your armor class was 6.
 Your wallet contained 26 zorkmids.
 Autopickup was on for '$' plus thrown.

Final Characteristics:
 Your strength was 18 (limit:18/100).
 Your dexterity was 12 (limit:18).
 Your constitution was 18 (limit:18).
 Your intelligence was 11 (limit:18).
 Your wisdom was 8 (limit:18).
 Your charisma was 11 (limit:18).

Final Status:
 You weren't hungry.
 You were unencumbered.
 You were wielding a spear.
 You had basic skill with spear.

Final Attributes:
 You were devoutly aligned.
 You were cold resistant.
 You were stealthy.
 You are dead.

Miscellaneous:
 You didn't encounter any bones levels.
 Total elapsed playing time was 14 minutes and 21 seconds.

Major events:
 Turn
    1: Japes the lawful human Valkyrie entered the dungeon
  760: entered the Gnomish Mines
  770: attained the rank of Skirmisher (level 3)
 1169: killed by a dwarf, while sleeping

You didn't know any spells.

Skills:
 Fighting Skills
   bare handed combat [Unskilled]
   two weapon combat  [Unskilled]
   riding             [Unskilled]
 Weapon Skills
   dagger             [Basic]
   axe                [Unskilled]
   pick-axe           [Unskilled]
   short sword        [Unskilled]
   broadsword         [Unskilled]
   long sword         [Unskilled]
   two-handed sword   [Unskilled]
   saber              [Unskilled]
   hammer             [Unskilled]
   quarterstaff       [Unskilled]
   polearms           [Unskilled]
   spear              [Basic]
   trident            [Unskilled]
   lance              [Unskilled]
   sling              [Unskilled]
 Spellcasting Skills
   attack spells      [Unskilled]
   escape spells      [Unskilled]

Voluntary challenges:
 Character rerolling was not enabled.
 You were an atheist.
 You were illiterate.
 You never genocided any monsters.
 You never polymorphed an object.
 You never changed form.
 You used no wishes.
Achievements:
 You entered a shop.
 You entered the Gnomish Mines.
 You attained the rank of Skirmisher.

 The Dungeons of Doom: levels 1 to 3
    Level 1:
       A fountain.
    Level 2:
       A scroll shop, a fountain.
    Level 3:
       A scroll shop.
       Stairs down to The Gnomish Mines.
 The Gnomish Mines: levels 4 to 5
    Level 4:
    Level 5: <- You were here.
       Final resting place for
          you, killed by a dwarf, while sleeping.


Vanquished creatures:
  3 Uruk-hai
  3 gnome leaders
  a dwarf
  a dwarf zombie
  a large kobold
 15 gnomes
  a jackal
  a fox
  a kobold
  a goblin
  a sewer rat
  a grid bug
  3 lichens
  4 newts
37 creatures vanquished.

No species were genocided or became extinct.

Game over:
                       ----------
                      /          \
                     /    REST    \
                    /      IN      \
                   /     PEACE      \
                  /                  \
                  |      Japes       |
                  |      26 Au       |
                  |   killed by a    |
                  |      dwarf       |
                  |                  |
                  |                  |
                  |       2026       |
                 *|     *  *  *      | *
        _________)/\\_//(\/(/\)/\//\/|_)_______

Farvel Japes the Valkyrie...

You died in The Gnomish Mines on dungeon level 5 with 1180 points,
and 26 pieces of gold, after 1169 moves.
You were level 5 with a maximum of 60 hit points when you died.

